 Dungeon Crawl Stone Soup version 0.24.0-13-gcf9b319 (webtiles) character file.

Game seed: 9387721817670644002, levelgen mode: deterministic

124 2bobheroes the Slasher (level 5, 0/36 HPs)
             Began as an Octopode Berserker on Feb 16, 2020.
             Was a Believer of Trog.
             Slain by a gnoll (7 damage)
             ... on level 3 of the Dungeon.
             The game lasted 00:06:01 (1702 turns).

2bobheroes the Slasher (Octopode Berserker)         Turns: 1702, Time: 00:06:01

Health: 0/36       AC:  1    Str: 15 (16) XL:     5   Next: 8%
Magic:  5/5        EV: 20    Int:  9 (10) God:    Trog [**....]
Gold:   75         SH:  0    Dex: 14 (17) Spells: 4/4 levels left

rFire    . . .     SeeInvis .   e - +2 dagger (venom)
rCold    . . .     Gourm    .   (no shield)
rNeg     . . .     Faith    .   (helmet restricted)
rPois    .         Spirit   .   (no amulet)
rElec    .         Reflect  .   (no ring)
rCorr    .         Harm     .   (no ring)
MR       .....                  (no ring)
Stlth    ++++......             (no ring)
HPRegen  0.12/turn              (no ring)
MPRegen  0.09/turn              (no ring)
                                (no ring)
                                (no ring)

@: agile, flying
A: almost no armour, stealthy swim, amphibious, 8 rings, constrict 8, camouflage
1, gelatinous body 1
a: Berserk, Trog's Hand, Renounce Religion


You were on level 3 of the Dungeon.
You worshipped Trog.
Trog was pleased with you.
You were not hungry.

You visited 1 branch of the dungeon, and saw 3 of its levels.

You collected 75 gold pieces.

Inventory:

Hand Weapons
 a - a +0 falchion
 d - a +2 dagger of speed
 e - a +2 dagger of venom (weapon)
 j - a +2 mace of protection
 l - a +0 hunting sling
Missiles
 c - 204 stones (quivered)
 k - 61 arrows
Scrolls
 g - 2 scrolls of blinking {unknown}
 h - 3 scrolls of identify {unknown}
 n - 4 scrolls of teleportation {unknown}
 o - a scroll of immolation {unknown}
Potions
 i - a potion of degeneration
 m - a potion of flight
 p - a potion of brilliance {unknown}
 q - a potion of agility
Comestibles
 b - 6 rations
 f - 2 chunks of flesh


   Skills:
 + Level 3.6 Fighting
 * Level 4.2 Long Blades
 + Level 3.6 Dodging
 + Level 2.7 Stealth


You had 4 spell levels left.
You didn't know any spells.
Your spell library was empty.

Dungeon Overview and Level Annotations

Branches:
Dungeon (3/15)

Altars:


Innate Abilities, Weirdness & Mutations

You cannot wear most types of armour.
You are very stealthy in the water. (Stealth+)
You are amphibious.
You can wear up to eight rings at the same time.
You can use your tentacles to constrict eight enemies at once.
Your skin changes colour to match your surroundings (Stealth+).
Your rubbery body absorbs attacks. (AC +1, EV +1)


Message History

You feel weakened.
You feel dopey.
You feel clumsy.
You feel sick. The gnoll barely misses you.
It was a potion of flight.
You feel very buoyant.
You fly up into the air.
The gnoll hits you but does no damage.
It was a potion of agility.
You feel agile all of a sudden.
You feel sick. The gnoll misses you.
Okay, then.
You barely miss the gnoll. You grab the gnoll. You squeeze the gnoll.
The gnoll is heavily wounded.
You constrict the gnoll.
You feel sick. The gnoll hits you.
* * * LOW HITPOINT WARNING * * *
You hit the gnoll.
The gnoll is poisoned.
The gnoll is severely wounded.
You constrict the gnoll. The gnoll hits you.
* * * LOW HITPOINT WARNING * * *
It was a potion of curing.
You feel better.
You constrict the gnoll. The gnoll hits you!
You die...

#########..###.................##
............................>..#
#...##.#####.........>..######
###.......##........)...###
###..##.................###..
#..#####..^####.###......... #.##
#....#................
#.#####..)##..........g..#/.
.........hg@................
###...###..##.........#...... ..#
#..##)............... #
#.###.............).. ###
#.............รท..
#................
##########....... #.......
##......


You could see a gnoll and a jackal.

Vanquished Creatures
  2 gnolls (D:3)
  4 adders
  3 worms
  3 dart slugs
  3 leopard geckos
  An orc (D:3)
  8 bats
  A giant cockroach (D:3)
  5 goblins
  2 hobgoblins (D:1)
  A ball python (D:3)
  2 frilled lizards (D:1)
  8 kobolds
  16 rats
59 creatures vanquished.

Notes
Turn   | Place    | Note
-------+----------+-------------------------------------------
     0 | D:1      | 2bobheroes the Octopode Berserker began the quest for the
                  | Orb.
     0 | D:1      | Reached XP level 1. HP: 16/16 MP: 1/1
    35 | D:1      | Reached XP level 2. HP: 18/21 MP: 2/2
    75 | D:1      | Reached skill level 1 in Stealth
   371 | D:1      | Reached XP level 3. HP: 22/26 MP: 3/3
   711 | D:2      | Reached ** piety under Trog
  1054 | D:2      | Reached XP level 4. HP: 31/31 MP: 4/4
  1317 | D:3      | Reached skill level 4 in Long Blades
  1689 | D:3      | Reached XP level 5. HP: 26/36 MP: 5/5
  1701 | D:3      | HP: 1/36 [gnoll (5)]
  1702 | D:3      | Slain by a gnoll

Levels and vault maps discovered:
D:1:      dpeg_arrival_rhombi, layout_loops_ring
D:2:      layout_rooms
D:3:      layout_rooms, lemuel_zombie_altar_kikubaaqudgha, first_ration

Skill      XL: |  1  2  3  4 |
---------------+-------------+-----
Stealth        | 1 2 |  2.7
Long Blades    | 4 |  4.2
Fighting       | |  3.6
Dodging        | |  3.6

Action                   |  1- 3 |  4- 6 || total
-------------------------+-------+-------++-------
Melee: Falchion          |    11 |       ||    11
       Constrict         |    16 |    11 ||    27
       Tentacles         |     9 |     8 ||    17
       Dagger            |    47 |    38 ||    85
Throw: Stone             |     8 |     1 ||     9
  Use: Potion            |       |     4 ||     4
 Stab: Sleeping          |    10 |     5 ||    15
  Eat: Chunk             |       |     2 ||     2
Armor: Skin              |     3 |     2 ||     5
Dodge: Dodged            |    24 |    18 ||    42
       Rpst.: Falchion   |     1 |       ||     1
